 Dungeon Crawl Stone Soup version 0.22-a0-608-g8a62e23f9f (webtiles) character file.

106 Sergey the Shield-Bearer (level 4, 0/42 HPs)
             Began as a Deep Dwarf Fighter on July 9, 2018.
             Slain by an orc
             ... wielding a +0 dagger
              (3 damage)
             ... on level 4 of the Dungeon.
             The game lasted 00:01:15 (726 turns).

Sergey the Shield-Bearer (Deep Dwarf Fighter)        Turns: 726, Time: 00:01:15

Health: 0/42       AC:  6    Str: 21    XL:     4   Next: 55%
Magic:  4/4        EV:  7    Int:  8    God:
Gold:   33         SH:  9    Dex: 12    Spells: 3/3 levels left

rFire    + + .     SeeInvis .   a - +0 war axe
rCold    + . .     Gourm    .   c - +0 shield
rNeg     . . .     Faith    .   b - +0 scale mail
rPois    .         Spirit   .   (no helmet)
rElec    .         Reflect  .   h - scarf {rC+ rF+}
rCorr    .         Harm     .   (no gloves)
MR       .....                  (no boots)
Stlth    ..........             (no amulet)
HPRegen  0.00/turn              g - ring of protection from fire
MPRegen  0.09/turn              (no ring)

@: non-regenerating, drained
A: damage resistance, heal wounds, sense surroundings 1, no regeneration
a: Heal Wounds


You were on level 4 of the Dungeon.
You were not hungry.

You visited 1 branch of the dungeon, and saw 4 of its levels.

You collected 33 gold pieces.

Inventory:

Hand Weapons
 a - a +0 war axe (weapon)
Armour
 b - a +0 scale mail (worn)
 c - a +0 shield (worn)
 h - a scarf of resistance (worn)
Jewellery
 g - a ring of protection from fire (left hand)
Scrolls
 i - 2 scrolls of immolation {unknown}
 j - a scroll of teleportation {unknown}
 l - 2 scrolls of random uselessness {unknown}
 m - 4 scrolls of remove curse {unknown}
 o - 2 scrolls of enchant weapon {unknown}
 p - a scroll of identify {unknown}
Potions
 d - a potion of might {@q3}
 e - a potion of agility {unknown}
 k - a potion of berserk rage {unknown}
 n - 2 potions of heal wounds {unknown}
Comestibles
 f - 5 rations


   Skills:
 + Level 3.1(2.5) Fighting
 * Level 3.6(2.9) Axes
 + Level 3.8(3.1) Armour
 * Level 4.3(3.6) Shields


You had 3 spell levels left.
You didn't know any spells.
Your spell library was empty.

Dungeon Overview and Level Annotations

Branches:
Dungeon (4/15)
 Temple: D:4-7

Altars:
Elyvilon
Kikubaaqudgha
Nemelex Xobeh
Qazlal
Xom
Yredelemnul
The Shining One


Innate Abilities, Weirdness & Mutations

You are resistant to damage.
You can heal yourself by infusing magical energy.
You passively map a small area around you.
You do not regenerate.


Message History

The orc priest mumbles some strange prayers to Beogh against you.
Beogh smites you!
You hit the orc but do no damage.
The orc is moderately wounded.
You block the orc's attack.
The orc priest looks satisfied for a moment.
You slash the orc!
You kill the orc!
The orc priest begins to cast a cantrip, but forgets the words!
The orc hits you but does no damage.
You hit the orc.
The orc is lightly wounded.
You block the orc's attack.
You barely miss the orc.
The orc is lightly wounded.
The orc priest mumbles some strange prayers to Beogh against you.
Beogh smites you!
* * * LOW HITPOINT WARNING * * *
The orc hits you but does no damage. The orc hits you with a dagger.
You die...

#########
#<...[..#
#.#####.#
##.#### *
#.....#*
* , ,
#..##@#*
* #..##o#
,* , ,
#....o.
#.##...#
* , * *
.. ..#..,
, ..#.#.
.## * *
.. .## ##
, , # , ,
, *,
....#*,


You could see an orc priest and an orc.

Vanquished Creatures
  A slave (D:3)
  A bullfrog skeleton (D:4)
  4 adders
  An ooze (D:2)
  A worm (D:3)
  2 dart slugs
  A leopard gecko (D:2)
  2 orcs (D:4)
  A giant cockroach (D:2)
  5 jackals (D:3)
  A quokka (D:3)
  2 ball pythons
  5 bats
  2 frilled lizards
  2 kobolds
  A rat (D:3)
32 creatures vanquished.

Notes
Turn   | Place    | Note
-------+----------+-------------------------------------------
     0 | D:1      | Sergey the Deep Dwarf Fighter began the quest for the Orb.
     0 | D:1      | Reached XP level 1. HP: 20/20 MP: 1/1
   141 | D:2      | Reached XP level 2. HP: 24/27 MP: 2/2
   268 | D:2      | Reached XP level 3. HP: 30/33 MP: 3/3
   370 | D:4      | Found a white marble altar of Elyvilon.
   403 | D:4      | Reached skill level 4 in Shields
   403 | D:4      | Reached XP level 4. HP: 34/42 MP: 4/4
   508 | D:4      | Noticed a slave
   518 | D:4      | Noticed a slave
   565 | D:3      | Killed a slave
   655 | D:3      | Found a sparkling altar of Nemelex Xobeh.
   656 | D:3      | Found a glowing golden altar of the Shining One.
   658 | D:3      | Found a shimmering altar of Xom.
   658 | D:3      | Found a basalt altar of Yredelemnul.
   660 | D:3      | Found an ancient bone altar of Kikubaaqudgha.
   661 | D:3      | Found a stormy altar of Qazlal.
   726 | D:4      | Slain by an orc

Vault maps used:
D:1:      tarquinn_simple_flora_water_e, minmay_misc_feat_x
D:2:      serial_glass, glass_columns_a, glass_columns_a,
          minmay_strange_pillars, minmay_strange_pillars, first_ration,
          minmay_misc_feat_alley
D:3:      grunt_temple_overflow_open, minmay_misc_feat_diagonals
D:4:      kennysheep_little_box, serial_shops, nicolae_shop_waterfront,
          uniq_pikel, uniq_grinder, uniq_natasha

Skill      XL: |  1  2  3 |
---------------+----------+-----
Axes           | 3 |  3.6
Fighting       | 3 |  3.1
Shields        | 4 |  4.3
Armour         | |  3.8

Action                   |  1- 3 |  4- 6 || total
-------------------------+-------+-------++-------
Melee: War axe           |    76 |    99 ||   175
 Abil: Heal Wounds       |     1 |     3 ||     4
Armor: Scale mail        |    51 |    55 ||   106
Dodge: Dodged            |    20 |    32 ||    52
Block: Shield            |    42 |    64 ||   106

Table legend:
 A = Spawn XP
 B = Non-spawn XP
 C = Spawn XP percentage of total XP
 D = Spawn monster count
 E = Non-spawn monster count
 F = Spawn count percentage of total count
 G = Total turns spent on level
                    A         B        C        D         E        F      G
               +---------+---------+-------+---------+---------+-------+---------
         Total |       0 |     152 |   0.0 |       0 |      31 |   0.0 |   726
               +---------+---------+-------+---------+---------+-------+---------
           D:1 |       0 |       2 |   0.0 |       0 |       2 |   0.0 |    37
           D:2 |       0 |      48 |   0.0 |       0 |      11 |   0.0 |   267
           D:3 |       0 |      42 |   0.0 |       0 |      14 |   0.0 |   221
           D:4 |       0 |      60 |   0.0 |       0 |       4 |   0.0 |   201
               +---------+---------+-------+---------+---------+-------+---------
